 Dungeon Crawl Stone Soup version 0.31-a0-700-gf13585253f (webtiles) character file.

Game seed: 6537520856074365459

243 qw the Shooter (level 6, 0/41 HPs)
             Began as a Gargoyle Hunter on Sept 7, 2023.
             Was an Initiate of Okawaru.
             Constricted to death by Pikel (7 damage)
             ... on level 3 of the Dungeon.
             The game lasted 00:01:07 (2203 turns).

qw the Shooter (Gargoyle Hunter)                    Turns: 2203, Time: 00:01:08

Health: 0/41       AC: 13    Str: 14    XL:     6   Next: 9%
Magic:  6/6        EV:  8    Int: 10    God:    Okawaru [......]
Gold:   158        SH:  0    Dex: 15    Spells: 5/5 levels left

rFire   . . .        Y - +2 shortbow
rCold   . . .        (shield currently unavailable)
rNeg    + + .        h - +0 ring mail
rPois   inf          f - +0 helmet
rElec   +            e - +0 cloak
rCorr   .            (no gloves)
SInv    .            j - +0 pair of boots
Will    .....        (no amulet)
Stlth   +            m - +4 ring of slaying {mikee}
HPRegen 0.26/turn    p - ring of positive energy
MPRegen 0.10/turn

%: no passive effects
@: grasped by roots, constricted
A: sickness immunity, AC +4, negative energy resistance 1, electricity
resistance, torment resistance 1, petrification resistance, talons 1, robust 1
a: Renounce Religion


You were on level 3 of the Dungeon.
You worshipped Okawaru.
Okawaru was noncommittal.
You visited 1 branch of the dungeon, and saw 4 of its levels.

You collected 158 gold pieces.


Innate Abilities, Weirdness & Mutations

You are immune to sickness and miasma.
Your stone body is resilient. (AC +4)
You are immune to poison.
You resist negative energy. (rN+)
You are resistant to electric shocks. (rElec)
You are resistant to unholy torment.
You are immune to petrification.
You have sharp toenails.
You are robust. (+10% HP)


   Skills:
 - Level 4.1 Fighting
 + Level 6.0 Ranged Weapons
 - Level 2.1 Armour
 - Level 1.5 Dodging
 - Level 1.1 Stealth


You had 5 spell levels left.
You didn't know any spells.
Your spell library was empty.

Inventory:

Hand Weapons
 Y - a +2 shortbow (weapon)
Armour
 e - a +0 cloak (worn)
 f - a +0 helmet (worn)
 h - a +0 ring mail (worn)
 j - a +0 pair of boots (worn)
Jewellery
 m - a +4 ring of slaying (left hand) {mikee}
 p - a ring of positive energy (right hand)
Scrolls
 a - a scroll of identify
Potions
 b - a potion of mutation
 c - a potion of curing
 d - a potion of might
 l - a potion of resistance {unknown}
 n - a potion of enlightenment {unknown}

Dungeon Overview and Level Annotations

Branches:
Dungeon (4/15)
 Temple: D:4-7

Altars:
Makhleb
Okawaru
Qazlal

Annotations:
D:3 Pikel


Message History

Enter note:
2193 |||
Found retreat position at -2,1 (floor) with 0 blocking monsters and 1 monsters attacking at destination at distance 2
2193 ||| Stepping ~*~*~tactically~*~*~ (retreating).
Enter note:
Enter note:
2194 |||
Found retreat position at -1,0 (floor) with 0 blocking monsters and 1 monsters attacking at destination at distance 1
2194 ||| Stepping ~*~*~tactically~*~*~ (retreating).
You shoot an arrow.
The arrow hits Pikel but does no damage.
Pikel is moderately wounded.
You shoot an arrow. The arrow closely misses the lemure.
The arrow hits Pikel.
Pikel is heavily wounded.
You shoot an arrow. The arrow barely misses Pikel.
The arrow hits the lemure but does no damage.
Pikel hits you but does no damage.
You shoot an arrow. The arrow closely misses Pikel.
The arrow closely misses the lemure.
Pikel hits you with a +2 whip of electrocution!
2199 ||| DRINKING potion of heal wounds.
You feel much better.
Pikel zaps a wand.
The roots erupt in riotous growth!
The grasping roots grab you!
Pikel is unaffected.
The grasping roots constrict you!
You shoot an arrow. The arrow hits Pikel.
Pikel is heavily wounded.
Pikel barely misses you. The grasping roots constrict you.
You shoot an arrow. The arrow barely misses Pikel.
The arrow hits the lemure!
The lemure is moderately wounded.
Pikel hits you with a +2 whip of electrocution!
The grasping roots constrict you.
You shoot an arrow. The arrow hits Pikel.
Pikel is heavily wounded.
Pikel barely misses you. The grasping roots constrict you.
You shoot an arrow.
The arrow hits Pikel but does no damage.
Pikel is heavily wounded.
Pikel hits you with a +2 whip of electrocution.
The grasping roots constrict you!
You die...
Pikel says, "Another soul for the market."

# #.###....# #.# #.# #.# #
#....#...###.# #.# #.#
######..#...##..### #.###)#
..# #...####.....# #.....#
#.## #.#.#
#####%###############
#..###.#.##### #.#.......#
##..##.#.....## #.........#
##.##..####..####........#
###.#%........%.@K5.......#
......%.%.###.#####>......#
..#.###.#.......###.%.....#
###.###..#####...##########
#..##.....####..<##
##.##.....# ##...#
#..#.....# ##### ##.......#
###.....#


You could see Pikel and a lemure.

Vanquished Creatures
  Natasha (D:3)
  Terence (D:2)
  13 adders
  3 worms
  A dart slug (D:2)
  An orc (D:3)
  5 ball pythons
  5 bats
  3 endoplasms
  A giant cockroach (D:2)
  3 goblins
  5 hobgoblins
  4 jackals (D:3)
  4 quokkas
  3 frilled lizards
  7 kobolds
  8 rats
68 creatures vanquished.

Notes
Turn   | Place    | Note
-------+----------+-------------------------------------------
     0 | D:1      | qw the Gargoyle Hunter began the quest for the Orb.
     0 | D:1      | Reached XP level 1. HP: 12/12 MP: 1/1
     0 | D:1      | 0 ||| qw: Version: 0.3-a-76-g4403597
     0 | D:1      | 0 ||| qw: Game counter: 504
     0 | D:1      | 0 ||| qw: Melee chars always use a shield: true
     0 | D:1      | 0 ||| qw: God list: Okawaru
     0 | D:1      | 0 ||| qw: Allow faded altars: false
     0 | D:1      | 0 ||| qw: Do Orc after clearing Dungeon:15 true
     0 | D:1      | 0 ||| qw: Do second Lair branch before Depths: true
     0 | D:1      | 0 ||| qw: Lair rune preference: random
     0 | D:1      | 0 ||| qw: Goals: Normal
     0 | D:1      | 0 ||| PLANNING D:1-11
   105 | D:1      | Reached XP level 2. HP: 17/17 MP: 2/2
   756 | D:1      | 756 ||| UPGRADING to +0 helmet.
   761 | D:1      | 761 ||| UPGRADING to +0 ring mail.
   771 | D:1      | 771 ||| DROPPING +0 leather armour.
   772 | D:1      | 772 ||| UPGRADING to +0 pair of boots.
   777 | D:1      | 777 ||| DROPPING ring of wizardry.
   778 | D:1      | 778 ||| READING scroll labelled ZIMUIREUSO.
   779 | D:1      | 779 ||| READING scroll labelled PUEKKI PONUMUTU.
   780 | D:1      | 780 ||| READING scroll labelled NYSUIG MUST.
   781 | D:1      | 781 ||| DRINKING 2 fizzy blue potions.
   782 | D:1      | 782 ||| DRINKING 2 pink potions.
   783 | D:1      | 783 ||| DROPPING scroll of butterflies.
   793 | D:2      | 793 ||| STAIRDANCE
   797 | D:2      | 797 ||| STAIRDANCE
   801 | D:2      | 801 ||| STAIRDANCE
   805 | D:2      | 805 ||| STAIRDANCE
   809 | D:2      | 809 ||| STAIRDANCE
   813 | D:2      | 813 ||| STAIRDANCE
   817 | D:2      | 817 ||| STAIRDANCE
   821 | D:2      | 821 ||| STAIRDANCE
   825 | D:2      | 825 ||| STAIRDANCE
   829 | D:2      | 829 ||| STAIRDANCE
   833 | D:2      | 833 ||| STAIRDANCE
   837 | D:2      | 837 ||| STAIRDANCE
   841 | D:2      | 841 ||| STAIRDANCE
   845 | D:2      | 845 ||| STAIRDANCE
   849 | D:2      | 849 ||| STAIRDANCE
   853 | D:2      | 853 ||| STAIRDANCE
   857 | D:2      | 857 ||| STAIRDANCE
   861 | D:2      | 861 ||| STAIRDANCE
   865 | D:2      | 865 ||| STAIRDANCE
   869 | D:2      | 869 ||| STAIRDANCE
   964 | D:2      | Reached skill level 1 in Armour
   964 | D:2      | Reached XP level 3. HP: 17/21 MP: 3/3
  1055 | D:2      | Reached skill level 5 in Ranged Weapons
  1106 | D:2      | Noticed Terence
  1115 | D:2      | Killed Terence
  1116 | D:2      | Reached skill level 3 in Fighting
  1116 | D:2      | Reached XP level 4. HP: 28/28 MP: 4/4
  1253 | D:2      | Reached XP level 5. HP: 31/32 MP: 5/5
  1553 | D:2      | Found an iron altar of Okawaru.
  1554 | D:2      | 1554 ||| PLANNING OKAWARU WORSHIP
  1554 | D:2      | 1554 ||| UPGRADING to +0 cloak.
  1559 | D:2      | 1559 ||| READING 2 scrolls labelled TEXILIEBISCH.
  1560 | D:2      | 1560 ||| READING scroll labelled WOPTAIRCHIF.
  1567 | D:2      | Became a worshipper of Warmaster Okawaru
  1568 | D:2      | 1568 ||| PLANNING D:1-11
  1678 | D:3      | 1678 ||| READING scroll of enchant weapon.
  1678 | D:3      | 1678 ||| ENCHANTING +1 shortbow.
  1773 | D:3      | Reached skill level 6 in Ranged Weapons
  2021 | D:3      | Found a burning altar of Makhleb.
  2067 | D:3      | 2067 ||| UPGRADING to +4 ring of slaying {mikee}.
  2068 | D:3      | 2068 ||| UPGRADING to ring of positive energy.
  2069 | D:3      | 2069 ||| READING scroll labelled KEOLLE XESE.
  2070 | D:3      | 2070 ||| READING 3 scrolls labelled DUXKOYL DEX EKK.
  2071 | D:3      | 2071 ||| DRINKING 2 cyan potions.
  2071 | D:3      | Gained mutation: You have sharp toenails. [potion of
                  | mutation]
  2071 | D:3      | Gained mutation: You are robust. (+10% HP) [potion of
                  | mutation]
  2080 | D:3      | 2080 ||| READING 3 scrolls of identify.
  2080 | D:3      | 2080 ||| IDENTIFYING silvery potion
  2081 | D:3      | 2081 ||| READING 2 scrolls of identify.
  2081 | D:3      | 2081 ||| IDENTIFYING clear potion
  2082 | D:3      | 2082 ||| DROPPING potion of attraction.
  2083 | D:3      | 2083 ||| DROPPING 2 scrolls of vulnerability.
  2102 | D:4      | Noticed Natasha
  2102 | D:4      | Found a stormy altar of Qazlal.
  2104 | D:4      | 2104 ||| STAIRDANCE
  2106 | D:3      | Killed Natasha
  2107 | D:3      | Reached XP level 6. HP: 41/41 MP: 6/6
  2111 | D:4      | Noticed Pikel
  2114 | D:4      | 2114 ||| STAIRDANCE
  2183 | D:4      | 2183 ||| STAIRDANCE
  2185 | D:3      | 2185 ||| Stepping ~*~*~tactically~*~*~ (retreating).
  2186 | D:3      | HP: 7/41 [constriction (9)]
  2187 | D:3      | 2187 ||| DRINKING 3 potions of heal wounds.
  2189 | D:3      | 2189 ||| DRINKING 2 potions of heal wounds.
  2192 | D:3      | 2192 ||| Stepping ~*~*~tactically~*~*~ (retreating).
  2193 | D:3      | 2193 ||| Stepping ~*~*~tactically~*~*~ (retreating).
  2194 | D:3      | 2194 ||| Stepping ~*~*~tactically~*~*~ (retreating).
  2198 | D:3      | HP: 10/41 [Pikel/+2 whip of electrocution (7)]
  2199 | D:3      | 2199 ||| DRINKING potion of heal wounds.
  2203 | D:3      | HP: 7/41 [Pikel/+2 whip of electrocution (1)]
  2203 | D:3      | Constricted to death by Pikel

Levels and vault maps discovered:
D:1:      spicycebolla_arrival_ecumenical, layout_basic, minmay_misc_feat_cross
D:2:      layout_loops_ring, basic_altar, reono_crystal_passage, uniq_terence
D:3:      layout_rooms, mainiacjoe_overflow_alcove_1
D:4:      layout_basic, nemelex_diamond_rough_becter,
          mainiacjoe_overflow_concentric_impassable,
          hellmonk_ghost_happy_afterlife, uniq_natasha, uniq_pikel

Skill      XL: |  1  2  3  4  5  6 |
---------------+-------------------+-----
Armour         | 1 2 |  2.1
Ranged Weapons | 5 6 |  6.0
Fighting       | 3 4 |  4.1
Dodging        | |  1.5
Stealth        | |  1.1

Action                     |  1- 3 |  4- 6 || total
---------------------------+-------+-------++-------
   Fire: Shortbow          |    92 |   152 ||   244
    Use: Scroll            |     3 |     7 ||    10
         Potion            |     2 |     4 ||     6
 Armour: Leather armour    |     7 |       ||     7
         Ring mail         |    27 |    68 ||    95
  Dodge: Dodged            |    31 |    49 ||    80

Table legend:
 A = Non-vault XP
 B = Vault XP
 C = Vault XP percentage of total XP
 D = Non-vault monster count
 E = Vault monster count
 F = Vault count percentage of total count
                 A         B        C        D         E       F
            +---------+---------+-------+---------+---------+-------
      Total |     276 |      72 |  20.7 |      66 |       2 |   2.9
            +---------+---------+-------+---------+---------+-------
        D:1 |      26 |       0 |   0.0 |      15 |       0 |   0.0
        D:2 |     126 |      36 |  22.2 |      21 |       1 |   4.5
        D:3 |     111 |      36 |  24.5 |      29 |       1 |   3.3
        D:4 |      13 |       0 |   0.0 |       1 |       0 |   0.0
            +---------+---------+-------+---------+---------+-------
